 Dungeon Crawl Stone Soup version 0.31-a0-233-g139696dc86 (webtiles) character file.

Game seed: 1663492203188175503

1349 qw the Skirmisher (level 8, 0/49 HPs)
             Began as a Gargoyle Hexslinger on July 8, 2023.
             Was an Initiate of Okawaru.
             Slain by a kobold brigand
             ... wielding a +0 trident
              (11 damage)
             ... on level 6 of the Dungeon.
             The game lasted 00:02:04 (5418 turns).

qw the Skirmisher (Gargoyle Hexslinger)             Turns: 5418, Time: 00:02:05

Health: 0/49       AC:  0    Str: 12    XL:     8   Next: 63%
Magic:  9/9        EV: 19    Int: 14    God:    Okawaru [......]
Gold:   272        SH:  0    Dex: 19    Spells: 8/9 levels left

rFire   . . .        j - melded +0 orcbow
rCold   . . .        (shield currently unavailable)
rNeg    + . .        c - melded +0 ring mail
rPois   inf          (helmet currently unavailable)
rElec   .            f - melded +0 cloak
rCorr   .            (gloves currently unavailable)
SInv    .            i - melded +0 pair of boots
Will    .....        h - amulet of faith
Stlth   ++           (ring currently unavailable)
HPRegen 0.28/turn    (ring currently unavailable)
MPRegen 0.11/turn

%: faith
@: bat-form, flying, very quick
A: fast, flying, no casting, sickness immunity, AC +5, tiny, negative energy
resistance 1, (electricity resistance), torment resistance 1, petrification
resistance
a: Renounce Religion


You were on level 6 of the Dungeon.
You worshipped Okawaru.
Okawaru was noncommittal.
You were a bat.
You visited 2 branches of the dungeon, and saw 7 of its levels.

You collected 272 gold pieces.


Innate Abilities, Weirdness & Mutations

You are a bat.
You are tiny and dextrous.
You move quickly.
You are flying.
Your equipment is almost entirely melded.
You are incapable of wielding weapons or throwing items.
You cannot cast spells.
You are immune to sickness and miasma.
((Your stone body is resilient. (AC +5)))
You are immune to poison.
You resist negative energy. (rN+)
((You are resistant to electric shocks. (rElec)))
You are resistant to unholy torment.
You are immune to petrification.


   Skills:
 - Level 5.1 Fighting
 - Level 9.1 Ranged Weapons
 - Level 2.0 Armour
 + Level 1.5 Dodging
 - Level 1.0 Spellcasting
 - Level 2.6 Hexes


You had 8 spell levels left.
You knew the following spells:

 Your Spells              Type           Power      Damage    Failure   Level
a - Slow                  Hex            32%        N/A       9%          1

Your spell library contained the following spells:

 Spells                   Type           Power      Damage    Failure   Level
 Inner Flame              Hex/Fire       4%         N/A       41%         3
 Portal Projectile        Hex/Tloc       8%         N/A       41%         3
 Cause Fear               Hex            4%         N/A       65%         4

Inventory:

Hand Weapons
 j - a +0 orcbow (melded)
Armour
 c - a +0 ring mail (melded)
 f - a +0 cloak (melded)
 i - a +0 pair of boots (melded)
Jewellery
 h - an amulet of faith (around neck)
Scrolls
 d - 2 scrolls of identify
Potions
 b - a potion of might
 e - 2 potions of curing
 g - a potion of berserk rage {unknown}
 k - a potion of magic

Dungeon Overview and Level Annotations

Branches:
Dungeon (6/15)             Temple (1/1) D:5

Altars:
Dithmenos
Elyvilon
Fedhas
Kikubaaqudgha
Makhleb
Nemelex Xobeh
Okawaru
Qazlal
Ru
Sif Muna
Trog
Uskayaw
Vehumet
Wu Jian
Xom
Yredelemnul
Zin
The Shining One


Message History

The kobold brigand is severely wounded.
The kobold brigand closely misses you.
You hit the kobold brigand but do no damage.
The kobold brigand is severely wounded.
You barely miss the kobold brigand.
The kobold brigand is severely wounded.
The kobold brigand barely misses you.
You hit the kobold brigand.
The kobold brigand is severely wounded.
The kobold brigand closely misses you.
You hit the kobold brigand but do no damage.
The kobold brigand is severely wounded.
The kobold brigand barely misses you.
You hit the kobold brigand.
The kobold brigand is severely wounded.
The kobold brigand misses you.
You hit the kobold brigand but do no damage.
The kobold brigand is severely wounded.
The kobold brigand hits you with a +0 trident!
You hit the kobold brigand.
The kobold brigand is severely wounded.
You hit the kobold brigand but do no damage.
The kobold brigand is severely wounded.
The kobold brigand misses you.
You barely miss the kobold brigand.
The kobold brigand is severely wounded.
The kobold brigand hits you with a +0 trident.
You closely miss the kobold brigand.
The kobold brigand is severely wounded.
The kobold brigand hits you with a +0 trident!
You hit the kobold brigand but do no damage.
The kobold brigand is severely wounded.
The kobold brigand completely misses you.
You barely miss the kobold brigand.
The kobold brigand is severely wounded.
The kobold brigand barely misses you.
You hit the kobold brigand but do no damage.
The kobold brigand is severely wounded.
The kobold brigand hits you with a +0 trident!
You die...

# #.
#.#################
#../.............#
#.#b############.#
#. ##KK..########.#
#. #).....).....# #
##.#######..# #
#..# #######..#
....>....#
###....?.###
#.####...#


You could see a kobold brigand and a kobold.

Vanquished Creatures
  A sky beast (D:5)
  An ice beast (D:6)
  3 ogres
  A centaur (D:5)
  2 phantoms
  5 scorpions
  2 hounds (D:5)
  An orc priest (D:3)
  A jelly (D:5)
  5 iguanas
  An orc wizard (D:5)
  4 adders
  A shadow imp (D:6)
  2 white imps (D:5)
  An ufetubus (D:5)
  A worm (D:2)
  5 dart slugs
  4 orcs
  An endoplasm (D:2)
  3 giant cockroaches
  7 goblins
  6 hobgoblins
  6 jackals (D:2)
  3 quokkas
  A ball python (D:4)
  2 frilled lizards (D:2)
  12 kobolds
  3 rats
85 creatures vanquished.

Vanquished Creatures (others)
  An orc (D:5)
1 creature vanquished.

Grand Total: 86 creatures vanquished

Notes
Turn   | Place    | Note
-------+----------+-------------------------------------------
     0 | D:1      | qw the Gargoyle Hexslinger began the quest for the Orb.
     0 | D:1      | Reached XP level 1. HP: 12/12 MP: 2/2
     0 | D:1      | 0 ||| qw: Version: 0.3-a-46-gb1f654a
     0 | D:1      | 0 ||| qw: Game counter: 3614
     0 | D:1      | 0 ||| qw: Melee chars always use a shield: true
     0 | D:1      | 0 ||| qw: God list: Okawaru
     0 | D:1      | 0 ||| qw: Allow faded altars: false
     0 | D:1      | 0 ||| qw: Do Orc after clearing Dungeon:15 true
     0 | D:1      | 0 ||| qw: Do second Lair branch before Depths: true
     0 | D:1      | 0 ||| qw: Lair rune preference: random
     0 | D:1      | 0 ||| qw: Goals: Normal
     0 | D:1      | 0 ||| PLANNING D:1-11
   417 | D:1      | Reached XP level 2. HP: 16/16 MP: 3/3
   721 | D:1      | 721 ||| UPGRADING to +0 pair of boots.
   726 | D:1      | 726 ||| UPGRADING to +0 leather armour.
   736 | D:1      | 736 ||| DROPPING +0 robe.
   737 | D:1      | 737 ||| READING scroll labelled JUOKUD PUOLAPT.
   738 | D:1      | 738 ||| READING scroll labelled QUEGUOLERR.
   739 | D:1      | 739 ||| READING scroll labelled ENAEXZ AHOHET.
   740 | D:1      | 740 ||| READING scroll labelled PUECOURYU.
   741 | D:1      | 741 ||| READING scroll labelled TIEXTU HEAFOH.
   742 | D:1      | 742 ||| DRINKING 3 smoky brown potions.
   743 | D:1      | 743 ||| DROPPING scroll of poison.
   878 | D:2      | Reached skill level 3 in Ranged Weapons
   884 | D:2      | Reached XP level 3. HP: 20/20 MP: 4/4
  1253 | D:2      | 1253 ||| READING scroll labelled FOTU RORAWA.
  1254 | D:2      | 1254 ||| READING scroll labelled TEEZ FOTOESAL.
  1255 | D:2      | 1255 ||| READING 2 scrolls of identify.
  1255 | D:2      | 1255 ||| IDENTIFYING yellow potion
  1281 | D:3      | Reached XP level 4. HP: 26/26 MP: 5/5
  1417 | D:3      | Reached skill level 4 in Ranged Weapons
  1429 | D:3      | 1429 ||| FLEEEEING.
  1434 | D:3      | 1434 ||| STAIRDANCE
  1448 | D:2      | 1448 ||| UPGRADING to +0 cloak.
  1453 | D:2      | 1453 ||| READING scroll labelled DASADITHRYIBB.
  1583 | D:3      | Noticed a scorpion
  1605 | D:3      | Killed a scorpion
  1606 | D:3      | Reached XP level 5. HP: 25/30 MP: 6/6
  1702 | D:3      | Found an ornate altar of the Wu Jian Council.
  1740 | D:4      | Noticed a phantom
  1742 | D:4      | 1742 ||| STAIRDANCE
  1751 | D:3      | Reached skill level 5 in Ranged Weapons
  1789 | D:4      | 1789 ||| STAIRDANCE
  1805 | D:3      | Killed a phantom
  1806 | D:3      | Reached skill level 3 in Fighting
  1911 | D:4      | 1911 ||| STAIRDANCE
  1929 | D:3      | HP: 3/32 [iguana (10)]
  1930 | D:3      | 1930 ||| READING scroll of teleportation.
  1933 | D:3      | Reached skill level 1 in Armour
  1933 | D:3      | Reached XP level 6. HP: 4/37 MP: 7/7
  2076 | D:4      | 2076 ||| STAIRDANCE
  2602 | D:4      | Found a radiant altar of Vehumet.
  2621 | D:4      | Reached skill level 6 in Ranged Weapons
  2734 | D:4      | Identified the +4 trident of Saiff {drain, rF+ SInv Stlth-}
  3340 | D:4      | 3340 ||| UPGRADING to +0 ring mail.
  3350 | D:4      | 3350 ||| DROPPING +0 leather armour.
  3351 | D:4      | 3351 ||| UPGRADING to amulet of faith.
  3356 | D:4      | 3356 ||| READING 3 scrolls of identify.
  3356 | D:4      | 3356 ||| IDENTIFYING dark potion
  3357 | D:4      | 3357 ||| READING 2 scrolls of identify.
  3357 | D:4      | 3357 ||| IDENTIFYING ruby potion
  3358 | D:4      | 3358 ||| DROPPING potion of magic.
  3385 | D:5      | Entered Level 5 of the Dungeon
  3482 | D:5      | Reached XP level 7. HP: 22/42 MP: 8/8
  3535 | D:5      | 3535 ||| FLEEEEING.
  3868 | D:5      | 3868 ||| DRINKING 4 potions of curing.
  3868 | D:5      | 3868 ||| (to cure confusion)
  4000 | D:5      | Reached skill level 7 in Ranged Weapons
  4093 | D:5      | Reached XP level 8. HP: 39/48 MP: 9/9
  4152 | D:5      | Reached skill level 8 in Ranged Weapons
  4186 | D:5      | 4186 ||| Stepping ~*~*~tactically~*~*~ (outnumbered).
  4191 | D:5      | HP: 12/49 [centaur (1)]
  4202 | D:5      | HP: 6/49 [centaur (3)]
  4417 | D:5      | Found a staircase to the Ecumenical Temple.
  4418 | D:5      | 4418 ||| PLANNING TEMPLE
  4418 | D:5      | 4418 ||| SWAPPING to +0 orcbow.
  4419 | D:5      | 4419 ||| DROPPING +2 sling.
  4420 | D:5      | 4420 ||| DRINKING 2 purple potions.
  4421 | D:5      | 4421 ||| DROPPING potion of attraction.
  4429 | Temple   | Entered the Ecumenical Temple
  4430 | Temple   | 4430 ||| PLANNING OKAWARU WORSHIP
  4610 | Temple   | Became a worshipper of Warmaster Okawaru
  4611 | Temple   | 4611 ||| PLANNING D:1-11
  5085 | D:5      | 5085 ||| DRINKING 2 orange potions.
  5086 | D:5      | 5086 ||| DRINKING 3 potions of curing.
  5086 | D:5      | 5086 ||| (to cure confusion)
  5087 | D:5      | 5087 ||| DROPPING potion of ambrosia.
  5369 | D:6      | Reached skill level 9 in Ranged Weapons
  5391 | D:6      | 5391 ||| Stepping ~*~*~tactically~*~*~ (outnumbered).
  5395 | D:6      | 5395 ||| DRINKING potion of cancellation.
  5415 | D:6      | HP: 10/49 [kobold brigand/+0 trident (12)]
  5418 | D:6      | Slain by a kobold brigand

Levels and vault maps discovered:
D:1:      lightli_arrival_boilingwater, layout_basic, kennysheep_another_room,
          hangedman_decor_opposing
D:2:      layout_rooms
D:3:      layout_rooms, general_overflow_altar
D:4:      layout_layer_cave, nicolae_vehumet_radiance
D:5:      minmay_clustersquares, layout_basic, minmay_temple_entry_trees
D:6:      layout_loops_ring, chequers_serial_rivers_micro_a, uniq_prince_ribbit1
Temple:   eino_temple_rhombus

Skill      XL: |  1  2  3  4  5  6  7  8 |
---------------+-------------------------+-----
Ranged Weapons | 3 4 5 6 7 9 |  9.1
Fighting       | 2 3 4 5 |  5.1
Armour         | 1 2 |  2.0
Dodging        | |  1.5
Spellcasting   | |  1.0
Hexes          | |  2.6

Action                     |  1- 3 |  4- 6 |  7- 9 || total
---------------------------+-------+-------+-------++-------
  Melee: Unarmed           |       |       |    19 ||    19
   Fire: Sling             |   107 |   182 |   171 ||   460
         Orcbow            |       |       |    48 ||    48
    Use: Scroll            |     8 |     4 |       ||    12
         Potion            |     1 |       |     5 ||     6
 Armour: Robe              |     3 |       |       ||     3
         Leather armour    |    25 |    57 |       ||    82
         Ring mail         |       |     4 |   117 ||   121
  Dodge: Dodged            |    26 |    86 |   119 ||   231

Table legend:
 A = Non-vault XP
 B = Vault XP
 C = Vault XP percentage of total XP
 D = Non-vault monster count
 E = Vault monster count
 F = Vault count percentage of total count
                 A         B        C        D         E       F
            +---------+---------+-------+---------+---------+-------
      Total |    1140 |     788 |  40.9 |      74 |      12 |  14.0
            +---------+---------+-------+---------+---------+-------
        D:1 |      13 |       0 |   0.0 |       7 |       0 |   0.0
        D:2 |      53 |       0 |   0.0 |      21 |       0 |   0.0
        D:3 |     313 |       0 |   0.0 |      18 |       0 |   0.0
        D:4 |     216 |       0 |   0.0 |      10 |       0 |   0.0
        D:5 |     291 |     788 |  73.0 |      10 |      12 |  54.5
        D:6 |     254 |       0 |   0.0 |       8 |       0 |   0.0
            +---------+---------+-------+---------+---------+-------
